 Dungeon Crawl Stone Soup version 0.30-a0-568-g124715a40b (webtiles) character file.

Game seed: 9490789395967487592

484 Newt the Trooper (level 6, -9/48 HPs)
             Began as a Demonspawn Gladiator on Dec 28, 2022.
             Mangled by Duvessa
             ... wielding a +0 short sword
              (11 damage)
             ... on level 4 of the Dungeon.
             The game lasted 00:03:10 (3581 turns).

Newt the Trooper (Demonspawn Gladiator)             Turns: 3581, Time: 00:03:10

Health: -9/48      AC:  4    Str: 16    XL:     6   Next: 88%
Magic:  6/6        EV: 12    Int: 10    God:
Gold:   224        SH:  0    Dex: 14    Spells: 5/5 levels left

rFire   . . .      SeeInvis .    e - +3 short sword (venom)
rCold   . . .      Faith    .    (no shield)
rNeg    . . .      Spirit   .    b - +0 leather armour
rPois   .          Reflect  .    (helmet restricted)
rElec   .          Harm     .    (no cloak)
rCorr   .          Rampage  .    l - +0 pair of gloves
Will    .....                    (no boots)
Stlth   ++                       (no amulet)
HPRegen 0.28/turn                g - ring of flight
MPRegen 0.20/turn                (no ring)

@: lethally poisoned (-9 -> -10), flying
A: hooves 1, horns 2, magic regeneration
a: no special abilities


You were on level 4 of the Dungeon.
You visited 1 branch of the dungeon, and saw 4 of its levels.

You collected 224 gold pieces.

Inventory:

Hand Weapons
 a - a +0 rapier
 e - a +3 short sword of venom (weapon)
 h - a +0 long sword
Missiles
 f - a javelin (quivered)
Armour
 b - a +0 leather armour (worn)
 c - a +1 helmet
 l - a +0 pair of gloves (worn)
Jewellery
 g - a ring of flight (left hand)
Wands
 r - a wand of flame (24)
Scrolls
 j - 2 scrolls of enchant armour
 q - 2 scrolls of identify
Potions
 i - 2 potions of cancellation
 k - a potion of attraction
 m - 2 potions of resistance
 n - a potion of brilliance {unknown}
 o - a potion of heal wounds {unknown}
 p - a potion of haste {unknown}
 s - a potion of might


   Skills:
 - Level 4.0 Fighting
 + Level 3.7 Short Blades
 - Level 1.7 Throwing
 - Level 4.0 Armour
 - Level 2.6 Dodging
 - Level 3.0 Stealth


You had 5 spell levels left.
You didn't know any spells.
Your spell library was empty.

Dungeon Overview and Level Annotations

Branches:
Dungeon (4/15)
 Temple: D:4-7

Altars:
Ashenzari
Sif Muna
Trog

Annotations:
D:4 Duvessa


Innate Abilities, Weirdness & Mutations

You have large cloven feet.
You have a pair of horns on your head.
You regenerate magic rapidly.


Message History

Duvessa is lightly wounded.
You feel very sick.
Duvessa struggles against the net. x2
You hit Duvessa.
Duvessa is poisoned.
You kick Duvessa. You headbutt Duvessa.
Duvessa is moderately wounded.
You feel sick.
Duvessa struggles against the net.
You hit Duvessa but do no damage.
Duvessa looks as sick as possible!
You kick Duvessa, but do no damage. You headbutt Duvessa.
Duvessa is heavily wounded.
You feel sick.
Duvessa struggles against the net.
You completely miss Duvessa. You kick Duvessa, but do no damage.
Duvessa is heavily wounded.
You feel sick.
Duvessa struggles against the net.
The net rips apart, and Duvessa comes free!
Throw: throwing net
Press: ? - help, Q - select action, (/) - cycle Shift-Dir - straight line, f/p - Duvessa
Aim: Duvessa, wielding a +0 short sword and wearing a +0 leather armour of willpower (heavily wounded, berserk, extremely poisoned, 64% to hit)
You throw a throwing net. The throwing net hits Duvessa.
Duvessa is caught in the net!
Duvessa is heavily wounded.
You feel sick.
Duvessa struggles against the net. x2
You completely miss Duvessa.
Duvessa is heavily wounded.
You feel sick.
Duvessa struggles against the net.
The net rips apart, and Duvessa comes free!
Okay, then.
Okay, then.
You hit Duvessa.
Duvessa looks as sick as possible!
Duvessa is severely wounded.
You feel sick. Duvessa hits you with a +0 short sword.
* * * LOW HITPOINT WARNING * * *
You hit Duvessa.
Duvessa looks as sick as possible!
Duvessa is severely wounded.
You feel sick. Duvessa completely misses you.
You barely miss Duvessa.
Duvessa is severely wounded.
Duvessa hits you with a +0 short sword.
* * * LOW HITPOINT WARNING * * *
Duvessa hits you with a +0 short sword!
You die...

.....#.## ##.......#....##
..#....## #........#.....#
..†.....# ..............##
..##.........####.....#####
#.###......######.......#.#
...# ......##...#.........##
......#............#.......#
#..##. ..###.....#####.....#
#.## # #....@# ####### ..#
.......)e# .!.^.#..##
...<..... .....#..#
......### .... . ....#


You could see Duvessa (berserk, extremely poisoned).

Vanquished Creatures
  Sigmund (D:4)
  Dowan (D:4)
  An orc priest (D:3)
  A gnoll bouda (D:4)
  3 hounds
  3 gnolls (D:4)
  3 adders (D:2)
  6 orcs
  5 endoplasms
  2 giant cockroaches
  6 goblins
  10 hobgoblins
  5 kobolds
  4 quokkas
  6 ball pythons
  4 bats
  4 frilled lizards
  4 rats
69 creatures vanquished.

Vanquished Creatures (others)
  3 plants (D:3)
3 creatures vanquished.

Grand Total: 72 creatures vanquished

Notes
Turn   | Place    | Note
-------+----------+-------------------------------------------
     0 | D:1      | Newt the Demonspawn Gladiator began the quest for the Orb.
     0 | D:1      | Reached XP level 1. HP: 16/16 MP: 1/1
   280 | D:1      | Reached skill level 1 in Stealth
   448 | D:1      | Discovered your monstrous ancestry.
   448 | D:1      | Gained mutation: You have large cloven feet. [demonic
                  | ancestry]
   448 | D:1      | Reached XP level 2. HP: 20/22 MP: 2/2
  1082 | D:2      | Gained mutation: You regenerate magic rapidly. [demonic
                  | ancestry]
  1082 | D:2      | Reached XP level 3. HP: 27/27 MP: 3/3
  1892 | D:3      | Gained mutation: You have a pair of small horns on your
                  | head. [demonic ancestry]
  1892 | D:3      | Reached XP level 4. HP: 25/35 MP: 4/4
  2442 | D:3      | Gained mutation: You have a pair of horns on your head.
                  | [demonic ancestry]
  2442 | D:3      | Reached XP level 5. HP: 42/42 MP: 5/5
  2478 | D:3      | Found a broken altar of Ashenzari.
  2478 | D:3      | Found a shimmering blue altar of Sif Muna.
  2478 | D:3      | Found a bloodstained altar of Trog.
  2490 | D:3      | Found a faded altar of an unknown god.
  2858 | D:4      | Reached skill level 1 in Armour
  2956 | D:4      | Noticed Sigmund
  2968 | D:4      | Killed Sigmund
  2969 | D:4      | Reached XP level 6. HP: 14/48 MP: 6/6
  3567 | D:4      | Noticed Duvessa
  3567 | D:4      | Noticed Dowan
  3571 | D:4      | Killed Dowan
  3581 | D:4      | HP: 2/48 [Duvessa/+0 short sword (5)]
  3581 | D:4      | Mangled by Duvessa

Illustrated notes

Levels and vault maps discovered:
D:1:      wander_arrival_estate, layout_loops_cross, minmay_hedge_maze,
          minmay_misc_feat_x
D:2:      layout_loops_cross, serial_rivers, chequers_serial_rivers_micro_c,
          chequers_serial_rivers_micro_e, chequers_serial_rivers_room_a,
          chequers_serial_rivers_micro_d, chequers_serial_rivers_small_3,
          chequers_serial_rivers_micro_e
D:3:      layout_loops_ring, gammafunk_temple_overflow_forgotten,
          chequers_ecumenical_altar_island,
          hangedman_abyss_or_decor_lesser_grid, st_stairs_6, saegor_snake_ambush
D:4:      layout_cave_pools, minmay_temple_entry_waves, minmay_misc_feat_doors,
          uniq_grinder, uniq_duvessa, uniq_sigmund

Skill      XL: |  1  2  3  4  5  6 |
---------------+-------------------+-----
Stealth        | 1 2 3 |  3.0
Fighting       | 3 4 |  4.0
Armour         | 3 4 |  4.0
Short Blades   | 3 |  3.7
Throwing       | |  1.7
Dodging        | |  2.6

Action                   |  1- 3 |  4- 6 || total
-------------------------+-------+-------++-------
Melee: Rapier            |    92 |    41 ||   133
       Kick              |    13 |    21 ||    34
       Headbutt          |       |    17 ||    17
       Short sword       |       |    61 ||    61
Throw: Throwing net      |       |     4 ||     4
       Javelin           |       |     1 ||     1
  Use: Scroll            |     6 |     3 ||     9
       Potion            |       |     3 ||     3
 Stab: Sleeping          |     5 |     2 ||     7
       Held in net/web   |       |     1 ||     1
Armor: Leather armour    |    30 |    13 ||    43
Dodge: Dodged            |    59 |    50 ||   109

Table legend: (Time is in decaauts)
 A = Elapsed time spent in this place.
 B = Non-inter-level travel time spent in this place.
 C = Inter-level travel time spent in this place.
 D = Time resting spent in this place.
 E = Time spent auto-exploring this place.
 F = Levels seen in this place.
 G = Mean time per level.
                   A        B        C        D        E       F      G
               +--------+--------+--------+--------+--------+-----+--------+
         Total |   3602 |   3496 |    106 |    748 |   2270 |   4 |  900.5 |
       Dungeon |   3602 |   3496 |    106 |    748 |   2270 |   4 |  900.5 |
               +--------+--------+--------+--------+--------+-----+--------+

Top non-repeatable levels by time:
     D:3: 1114 daAuts
     D:2: 1005 daAuts
     D:1: 750 daAuts
     D:4: 731 daAuts
